Map: Blackburn LE

Players

LiquidClem (Clem)

  • Race: Terran Terran
  • League: Master

Reynor - Winner!

  • Race: Zerg Zerg
  • League: Master

VOD

Have the link to the VOD?

Description

Time

  • Played on: Dec. 13, 2021, 4:48 p.m.
  • Length: 17:52
Show
View Real Time Build Order
Export as new Build Order

LiquidClem Terran 

Build Orders: Hellion Opening, Reaper Expand 

Get SALT Encoding   

  12  0:04  SCV  
  13  0:16  SCV  
  13  0:18  Supply Depot  
  14  0:28  SCV  
  15  0:40  SCV, Barracks  
  16  0:46  Refinery  
  16  0:52  SCV  
  17  1:04  SCV  
  18  1:17  SCV  
  19  1:28  Reaper  
  19  1:29  Orbital Command  
  20  1:41  Command Center  
  20  1:50  Supply Depot  
  20  1:54  SCV  
  20  2:00  Marine  
  22  2:06  SCV  
  23  2:14  Factory  
  23  2:18  SCV  
  23  2:22  Barracks Reactor  
  23  2:30  SCV  
  24  2:42  SCV  
  25  2:45  Command Center  
  25  2:53  Orbital Command  
  25  2:55  SCV  
  26  3:03  Starport  
  26  3:07  SCV  
  26  3:10  Hellion  
  29  3:14  Hellion  
  29  3:18  SCV  
  29  3:19  SCV  
  33  3:24  Refinery  
  33  3:32  Hellion  
  33  3:33  SCV  
  36  3:35  SCV  
  36  3:36  Hellion  
  36  3:41  Viking  
  41  3:45  SCV  
  41  3:47  SCV  
  43  3:54  Hellion  
  45  3:56  Orbital Command  
  45  3:57  Hellion  
  45  3:59  SCV  
  45  4:02  SCV  
  49  4:10  Supply Depot  
  49  4:11  SCV, Medivac  
  49  4:15  Armory  
  52  4:17  SCV  
  52  4:20  Hellion  
  52  4:22  Hellion  
  57  4:25  SCV  
  57  4:26  SCV  
  57  4:28  Barracks Tech Lab  
  59  4:32  SCV  
  59  4:35  Supply Depot  
  59  4:38  SCV x2  
  61  4:44  SCV  
  63  4:47  Stimpack  
  63  4:50  SCV  
  64  4:53  Marine, Barracks  
  64  4:54  Factory Reactor, SCV  
  64  4:56  Barracks  
  64  4:57  SCV, Supply Depot  
  64  4:59  Starport Reactor  
  67  5:02  Refinery  
  67  5:10  SCV, Marine  
  69  5:14  Barracks  
  69  5:15  Barracks  
  69  5:16  Factory Tech Lab  
  69  5:17  SCV  
  65  5:28  Marine, Engineering Bay x2  
  55  5:30  SCV x2  
  55  5:32  Supply Depot  
  55  5:34  Refinery  
  56  5:36  Siege Tank  
  56  5:37  Orbital Command  
  56  5:40  Marine  
  56  5:42  SCV  
  59  5:48  Starport Reactor, Marine x2  
  61  5:50  Marine x2  
  61  5:52  SCV  
  61  5:54  SCV, Supply Depot  
  65  5:58  Marine  
  65  6:02  Barracks Reactor x2  
  65  6:03  SCV, Terran Infantry Weapons Level 1  
  67  6:05  SCV, Marine  
  67  6:06  SCV, Marine  
  67  6:07  Terran Infantry Armor Level 1  
  67  6:08  Marine  
  67  6:10  Marine  
  73  6:15  Supply Depot  
  73  6:17  Siege Tank  
  73  6:18  SCV, Supply Depot  
  76  6:19  Marine  
  76  6:21  SCV  
  76  6:22  SCV  
  76  6:23  Marine  
  81  6:25  Marine  
  81  6:26  Marine  
  81  6:28  Bunker  
  81  6:29  Marine  
  81  6:30  SCV  
  85  6:33  Supply Depot  
  85  6:36  SCV  
  85  6:37  Marine, Medivac  
  85  6:38  Medivac  
  91  6:40  Marine, Supply Depot  
  91  6:41  Marine x2  
  91  6:42  Marine  
  91  6:43  Marine  
  91  6:45  SCV  
  91  6:46  SCV  
  98  6:48  SCV  
  98  6:50  Refinery, Marine x3  
  98  6:54  Siege Tank  
  105  7:00  SCV  
  105  7:01  Marine x2, Supply Depot x2  
  107  7:02  Marine x2  
  107  7:03  Marine x2  
  107  7:07  SCV x2  
  114  7:10  Factory  
  114  7:12  Combat Shield  
  114  7:14  Marine x3  
  117  7:19  Marine  
  117  7:22  Marine x3  
  121  7:25  Medivac  
  121  7:26  Marine x2, Medivac  
  121  7:27  Supply Depot  
  127  7:31  Siege Tank, Marine  
  127  7:34  Marine  
  127  7:36  Marine x2, Supply Depot  
  133  7:40  Marine  
  134  7:48  Command Center, Marine  
  135  7:52  Marine  
  135  7:54  Marine x3  
  135  7:55  Factory Tech Lab  
  139  7:59  Medivac, Supply Depot  
  139  8:01  Supply Depot  
  139  8:02  Marine x3  
  139  8:03  Marine  
  139  8:04  Refinery  
  145  8:05  Marine  
  145  8:06  Siege Tank  
  145  8:09  Terran Infantry Weapons Level 2  
  148  8:14  Marine x3  
  148  8:18  Terran Infantry Armor Level 2  
  150  8:20  Marine  
  150  8:21  Marine x3  
  150  8:22  Marauder  
  150  8:23  Marine  
  157  8:27  Supply Depot  
  157  8:30  Siege Tank  
  157  8:32  Marine x2  
  146  8:36  Marine  
  146  8:38  Siege Tank, Marine  
  143  8:41  Marine x2  
  143  8:42  Marine x2  
  143  8:43  Marine  
  147  8:52  Marine  
  142  8:58  Marine  
  142  9:01  Marine x2, Marauder  
  142  9:02  Siege Tank, Marine x4  
  137  9:07  Terran Vehicle Weapons Level 1  
  137  9:09  Marine  
  136  9:10  Siege Tank  
  136  9:16  Marine  
  140  9:20  Barracks  
  140  9:21  Medivac, Marine, Barracks  
  140  9:22  Marine x3  
  140  9:23  Barracks  
  142  9:24  Marauder  
  142  9:29  Marine x2  
  142  9:30  Marine  
  147  9:34  Siege Tank  
  143  9:42  Siege Tank  
  143  9:44  SCV  
  147  9:46  Marauder  
  147  9:48  SCV  
  147  9:50  Marine  
  147  9:51  Marine x7  
  156  10:06  Siege Tank  
  155  10:07  Marine, Marauder  
  155  10:09  Marine  
  155  10:10  SCV  
  155  10:11  SCV x2  
  155  10:12  Marine  
  144  10:15  Widow Mine  
  142  10:22  SCV  
  142  10:23  SCV x2  
  145  10:29  Marauder  
  145  10:32  Planetary Fortress  
  145  10:33  Marine  
  145  10:34  SCV  
  145  10:35  SCV  
  148  10:36  Siege Tank  
  148  10:38  SCV, Siege Tank  
  148  10:41  Marine  
  156  10:44  Marine  
  157  10:54  Barracks Tech Lab x2  
  155  11:00  Marauder  
  144  11:04  Marine x2  
  144  11:08  SCV x3, Siege Tank  
  144  11:10  Siege Tank, Medivac  
  157  11:13  Marine  
  157  11:14  Marine x2, Marauder  
  157  11:18  SCV  
  163  11:24  Marine  
  163  11:25  SCV, Barracks Tech Lab  
  163  11:26  Marine  
  163  11:27  Marine  
  163  11:29  SCV, Marine  
  163  11:30  Marine  
  161  11:35  SCV  
  161  11:38  Refinery  
  162  11:40  SCV, Siege Tank  
  162  11:41  Sensor Tower  
  162  11:42  Siege Tank, Missile Turret  
  162  11:43  SCV  
  162  11:45  Marine, Medivac  
  172  11:47  Marine  
  163  11:54  Marine x2  
  163  11:55  Medivac  
  163  11:58  Marine x2  
  156  12:04  SCV x2  
  156  12:05  Refinery  
  156  12:06  SCV x2  
  160  12:12  Ghost Academy, Siege Tank  
  160  12:14  Siege Tank  
  160  12:15  Medivac  
  166  12:17  Concussive Shells, Marauder  
  166  12:18  Marauder  
  166  12:19  Marine x5  
  175  12:27  Medivac  
  176  12:37  SCV  
  176  12:38  SCV  
  176  12:40  Ghost, Missile Turret  
  176  12:41  Missile Turret  
  176  12:42  Ghost x2, Missile Turret  
  176  12:43  Ghost  
  186  12:46  Marine  
  186  12:49  SCV  
  188  12:54  Command Center  
  188  12:56  Missile Turret  
  188  12:58  Command Center  
  188  13:03  Terran Infantry Weapons Level 3  
  184  13:07  SCV  
  185  13:15  Missile Turret  
  185  13:17  Siege Tank  
  185  13:19  Ghost x2  
  190  13:22  Sensor Tower  
  190  13:27  Marine  
  190  13:32  SCV  
  191  13:34  Command Center  
  191  13:35  Missile Turret  
  191  13:37  Marauder  
  191  13:38  Siege Tank  
  191  13:40  Marine  
  195  13:44  Ghost  
  195  13:46  Marine x3  
  195  13:47  Marine  
  195  13:48  Marine  
  198  14:00  Marauder  
  199  14:08  Missile Turret  
  199  14:16  Orbital Command  
  199  14:27  Refinery  
  199  14:31  Planetary Fortress  
  196  14:33  Ghost  
  196  14:34  Refinery  
  200  14:47  Marine  
  195  14:54  Ghost  
  195  14:58  Siege Tank, Barracks  
  195  14:59  Barracks  
  193  15:01  Barracks x2  
  193  15:02  Ghost, Barracks  
  193  15:03  Barracks Tech Lab  
  193  15:05  Siege Tank, Marine x2  
  190  15:13  Barracks Tech Lab  
  161  15:23  Marauder  
  161  15:24  SCV  
  156  15:28  Barracks Tech Lab  
  147  15:36  SCV  
  147  15:37  Siege Tank  
  142  15:49  Barracks Tech Lab  
  129  15:53  Marine x3  
  129  15:54  Marine  
  125  16:09  Siege Tank, Marauder  
  130  16:14  SCV  
  135  16:24  Barracks Tech Lab x2  
  129  16:27  Ghost Academy  
  129  16:29  Barracks Tech Lab  
  129  16:30  Barracks Tech Lab, Marauder  
  129  16:31  Command Center  
  115  16:41  Command Center, Siege Tank  
  115  16:42  Missile Turret  
  115  16:45  Ghost  
  118  16:48  Missile Turret  
  118  16:52  Marauder  
  118  16:54  SCV, Missile Turret  
  119  16:58  SCV  
  119  16:59  Orbital Command  
  86  17:10  Marine, Marauder  
  86  17:11  Marine  
  86  17:13  Siege Tank  
  86  17:14  Marine, Marauder  
  82  17:20  SCV  
  75  17:27  Marine  
  75  17:29  SCV, Marine  
  78  17:33  SCV  
  76  17:38  SCV  
Show
View Real Time Build Order
Export as new Build Order

Reynor Zerg - Winner!

Build Orders: Pool First, Lurkers 

Get SALT Encoding   

  12  0:00  Drone  
  13  0:12  Overlord  
  13  0:17  Drone  
  14  0:31  Drone x2  
  16  0:35  Drone  
  17  0:44  Spawning Pool  
  17  0:48  Drone  
  17  1:09  Hatchery  
  16  1:11  Drone  
  17  1:32  Hatchery  
  16  1:40  Queen  
  16  1:44  Zergling x2  
  19  1:47  Drone  
  20  1:55  Drone  
  20  1:57  Overlord  
  21  2:06  Drone  
  22  2:16  Queen  
  22  2:17  Drone  
  22  2:22  Drone  
  26  2:27  Queen  
  29  2:30  Drone  
  29  2:32  Drone  
  30  2:39  Drone  
  30  2:42  Drone  
  32  2:45  Queen  
  32  2:48  Drone  
  35  2:55  Drone  
  35  2:56  Drone  
  37  3:00  Extractor, Drone  
  37  3:01  Drone  
  37  3:05  Queen  
  40  3:10  Overlord  
  40  3:12  Drone  
  41  3:13  Drone  
  42  3:27  Overlord  
  42  3:28  Drone x3  
  42  3:29  Drone x2  
  42  3:31  Overlord  
  47  3:34  Drone  
  47  3:36  Drone  
  49  3:41  Drone  
  49  3:45  Overlord  
  49  3:46  Drone x3  
  53  3:49  Drone  
  53  3:54  Roach Warren  
  53  3:55  Drone  
  54  3:56  Drone  
  54  3:58  Overlord  
  55  4:03  Queen  
  55  4:08  Queen  
  55  4:09  Drone  
  60  4:12  Drone  
  60  4:13  Drone  
  60  4:16  Drone  
  63  4:17  Drone, Spore Crawler  
  63  4:19  Drone  
  63  4:20  Drone  
  63  4:21  Drone  
  63  4:23  Drone  
  67  4:24  Drone  
  67  4:26  Overlord  
  68  4:34  Roach x3  
  68  4:35  Spore Crawler  
  73  4:38  Drone  
  73  4:41  Lair  
  73  4:43  Extractor  
  73  4:44  Extractor, Overlord  
  72  4:47  Drone x2  
  74  4:54  Overlord  
  74  5:01  Overlord  
  74  5:02  Overlord  
  74  5:07  Roach x3  
  74  5:10  Drone  
  74  5:11  Overlord, Queen  
  83  5:15  Drone x2  
  83  5:16  Drone  
  83  5:20  Drone  
  84  5:21  Drone  
  84  5:22  Drone  
  84  5:23  Drone x2  
  84  5:25  Drone  
  88  5:32  Extractor  
  88  5:33  Drone x4  
  91  5:38  Drone  
  91  5:40  Drone  
  91  5:42  Extractor x2  
  91  5:46  Drone, Evolution Chamber  
  91  5:47  Hatchery, Evolution Chamber  
  91  5:49  Drone x2  
  91  5:54  Drone  
  91  5:55  Glial Reconstitution  
  91  5:56  Drone  
  93  5:57  Drone  
  93  5:59  Drone  
  93  6:00  Drone x2  
  97  6:04  Overlord  
  97  6:14  Zerg Ground Armor Level 1, Zerg Missile Weapons Level 1  
  97  6:17  Roach x4  
  107  6:18  Roach  
  107  6:19  Drone x4  
  107  6:20  Drone  
  107  6:25  Overlord  
  112  6:26  Roach x3  
  112  6:30  Roach  
  112  6:32  Roach  
  122  6:36  Overlord  
  122  6:37  Infestation Pit, Spore Crawler  
  122  6:39  Roach  
  122  6:43  Overlord  
  122  6:44  Roach x3  
  128  6:47  Roach  
  130  6:54  Overlord  
  130  6:55  Overlord  
  130  6:58  Roach x2  
  130  6:59  Roach x2  
  138  7:04  Roach x4  
  138  7:07  Overlord  
  148  7:08  Roach  
  148  7:09  Roach  
  148  7:12  Roach x2  
  158  7:15  Roach x2  
  158  7:20  Overlord, Hydralisk Den  
  158  7:22  Drone  
  158  7:23  Hive  
  158  7:26  Drone x3  
  158  7:28  Ravager x2  
  158  7:29  Overlord  
  163  7:32  Drone x3  
  163  7:33  Extractor x2  
  162  7:39  Overlord  
  162  7:50  Drone x2  
  162  7:51  Drone x4  
  164  7:57  Drone  
  164  7:58  Drone, Lurker Den  
  164  7:59  Drone  
  164  8:00  Drone  
  164  8:01  Drone x4  
  170  8:09  Roach x3  
  170  8:10  Zerg Missile Weapons Level 2, Zerg Ground Armor Level 2  
  170  8:12  Overlord  
  176  8:21  Overlord  
  176  8:26  Roach x4  
  184  8:27  Hatchery  
  184  8:30  Spore Crawler  
  166  8:35  Roach x12  
  166  8:37  Roach x2  
  166  8:40  Ravager x3  
  187  8:42  Ravager x2  
  187  8:43  Roach  
  187  8:45  Roach  
  187  8:46  Roach  
  195  8:55  Roach x6  
  177  9:03  Adaptive Talons  
  177  9:07  Hydralisk x3  
  177  9:08  Hydralisk  
  185  9:13  Hydralisk x2  
  189  9:29  Extractor  
  189  9:31  Extractor, Metabolic Boost  
  183  9:37  Lurker x4  
  172  9:40  Drone x3, Queen  
  172  9:42  Lurker  
  178  9:46  Lurker  
  179  9:55  Hydralisk x2  
  183  10:00  Overlord  
  166  10:10  Zergling x16  
  166  10:11  Roach x6  
  164  10:14  Zergling x6  
  164  10:19  Roach  
  164  10:20  Roach x3  
  163  10:22  Zergling x8  
  163  10:23  Zergling x2  
  163  10:25  Lurker x2  
  168  10:32  Hydralisk Den  
  167  10:39  Roach x9  
  185  10:47  Queen  
  185  10:51  Zergling x20  
  185  10:54  Roach x2  
  193  11:04  Drone x2  
  179  11:07  Hydralisk x4  
  179  11:10  Hydralisk  
  189  11:12  Zergling x22  
  196  11:27  Hydralisk x4  
  196  11:30  Queen  
  187  11:34  Zergling x10  
  191  11:43  Lurker Den  
  191  11:44  Zergling x2  
  191  11:45  Zergling x14  
  196  11:53  Hydralisk x4  
  196  11:54  Hydralisk  
  170  11:55  Hydralisk  
  162  12:04  Drone x4  
  162  12:05  Zerg Missile Weapons Level 3, Zerg Melee Weapons Level 1  
  162  12:07  Hydralisk  
  165  12:09  Hatchery  
  165  12:13  Hydralisk x2  
  165  12:14  Hydralisk x3  
  174  12:22  Zergling x6  
  173  12:32  Zergling x14  
  180  12:37  Overlord  
  180  12:41  Lurker  
  180  12:42  Lurker x7  
  186  12:45  Hatchery, Overseer  
  186  12:49  Drone x3  
  188  12:57  Drone x10  
  198  13:03  Hydralisk x2  
  198  13:04  Zergling x2  
  195  13:29  Pneumatized Carapace  
  183  13:41  Hydralisk x5  
  180  13:52  Muscular Augments  
  180  13:54  Hydralisk  
  174  13:55  Zergling x8  
  174  14:02  Lurker x8  
  184  14:06  Seismic Spines  
  184  14:09  Drone x8  
  193  14:10  Drone  
  193  14:11  Lurker  
  193  14:12  Drone x3  
  193  14:15  Spore Crawler, Hydralisk  
  193  14:16  Zergling x2  
  199  14:19  Overseer  
  184  14:47  Hydralisk, Zergling x2  
  184  14:48  Zergling x28  
  184  14:49  Hydralisk x3  
  184  14:51  Lurker x4  
  196  14:55  Zergling x8  
  196  14:58  Hydralisk x2  
  196  14:59  Zergling x2  
  198  15:01  Hydralisk, Queen  
  190  15:10  Hydralisk x3  
  190  15:13  Hydralisk  
  184  15:24  Hydralisk x4  
  186  15:31  Hydralisk x3  
  190  15:39  Hatchery  
  172  15:42  Hydralisk x2  
  172  15:43  Hydralisk x2  
  172  15:44  Lurker  
  172  15:45  Lurker  
  172  15:46  Zergling x2  
  156  15:53  Lurker x2  
  156  15:54  Zergling x6  
  161  15:59  Zergling x2  
  161  16:01  Lurker  
  161  16:02  Zergling x2  
  158  16:09  Hydralisk x2  
  158  16:10  Zergling x2  
  157  16:13  Lurker  
  157  16:16  Lurker  
  156  16:20  Zergling x8  
  157  16:27  Hydralisk x3  
  157  16:28  Zergling x2  
  153  16:34  Lurker  
  153  16:39  Lurker  
  154  16:40  Zergling x8  
  154  16:46  Zergling x6  
  160  16:49  Lurker x2  
  160  16:50  Zergling x2  
  160  16:55  Zergling x4  
  160  16:59  Zergling x4  
  161  17:03  Zergling x4  
  161  17:07  Hydralisk x2  
  161  17:08  Zergling x6  
  155  17:11  Roach x4  
  155  17:15  Roach  
  134  17:27  Hatchery  
  134  17:29  Lurker x5  
  138  17:30  Zergling x6  
  138  17:31  Zergling x2  
  138  17:35  Lurker  
  143  17:44  Lurker  
Tags
 
Add a new tag
Caveats
  • Supply blocks, unpowered buildings, or Contaminate may cause inaccurate times.
  • Supply counts are checked every 10 seconds.